 Dungeon Crawl Stone Soup version 0.28.0-62-gf88900778d (webtiles) character file.

Game seed: 8902816812899009694

34 Froggeryz the Cudgeller (level 3, -1/27 (28) HPs)
             Began as a Demonspawn Gladiator on Jan 29, 2024.
             Slain by a +0 broad axe of freezing (4 damage)
             ... created by the rancor of the Wu Jian Council
             ... on level 2 of the Dungeon.
             The game lasted 00:02:20 (1711 turns).

Froggeryz the Cudgeller (Demonspawn Gladiator)      Turns: 1711, Time: 00:02:20

HP:   -1/27 (28)    AC:  6    Str: 16    XL:     3   Next: 14%
MP:   3/3           EV: 12    Int:  9    God:
Gold: 88            SH:  0    Dex: 14    Spells: 2/2 levels left

rFire   . . .      SeeInvis .   a - +0 flail
rCold   . . .      Faith    .   (no shield)
rNeg    . . .      Spirit   .   b - +0 leather armour
rPois   .          Reflect  .   c - +0 helmet
rElec   .          Harm     .   h - +0 cloak
rCorr   .          Rampage  .   g - +0 pair of gloves
Will    .....                   (no boots)
Stlth   +.........              (no amulet)
HPRegen 0.09/turn               (no ring)
MPRegen 0.08/turn               (no ring)

@: about to teleport, lightly drained
A: demonic magic 1
a: no special abilities


You were on level 2 of the Dungeon.
You visited 1 branch of the dungeon, and saw 2 of its levels.

You collected 88 gold pieces.

Inventory:

Hand Weapons
 a - a +0 flail (weapon)
Missiles
 d - 3 throwing nets (quivered)
 i - 4 poisoned darts
Armour
 b - a +0 leather armour (worn)
 c - a +0 helmet (worn)
 g - a +0 pair of gloves (worn)
 h - a +0 cloak (worn)


   Skills:
 + Level 2.4 Fighting
 * Level 3.3 Maces & Flails
 - Level 1.7 Throwing
 + Level 1.0 Armour
 - Level 2.6 Dodging


You had 2 spell levels left.
You didn't know any spells.
Your spell library contained the following spells:

 Spells                   Type           Power      Damage    Failure   Level
 Summon Small Mammal      Summ           0%         N/A       45%         1
 Call Canine Familiar     Summ           0%         N/A       83%         3
 Summon Guardian Golem    Hex/Summ       0%         N/A       83%         3


Dungeon Overview and Level Annotations

Branches:
Dungeon (2/15)

Altars:
Wu Jian


Innate Abilities, Weirdness & Mutations

Spells you cast may paralyse adjacent enemies.


Message History

* * * LOW HITPOINT WARNING * * *
You hit the +2 quarterstaff of freezing.
You destroy the +2 quarterstaff of freezing!
That felt strangely unrewarding.
You start resting.
Sifu Cai Fang says: Die by a thousand cuts!
A +1 dire flail of speed, a +0 rapier of electrocution and a +0 broad axe of freezing come into view.
You sock the +0 rapier of electrocution!
You destroy the +0 rapier of electrocution!
That felt strangely unrewarding.
The barbs in your skin will harm you if you move.
Continue?
Okay, then.
Unknown command.
You aren't carrying any items that you can evoke.
Unknown command.
Throw: 3 throwing nets
Press: ? - help, Q - select action, (/) - cycle Shift-Dir - straight line, f - +0 broad axe of freezing
Aim: a +0 broad axe of freezing (durably summoned, 86% to hit)
Okay, then.
Unknown command.
Unknown command.
As you read the scroll labelled GEUTWIQOSS, it crumbles to dust.
It is a scroll of amnesia.
You feel forgetful for a moment.
As you read the scroll labelled DOGUNI BIOP, it crumbles to dust.
You feel strangely unstable.
It was a scroll of teleportation.
You sock the +1 dire flail of speed!
You destroy the +1 dire flail of speed!
That felt strangely unrewarding.
You hit the +0 broad axe of freezing.
The +0 broad axe of freezing is almost destroyed.
The +0 broad axe of freezing hits you.
* * * LOW HITPOINT WARNING * * *
The +0 broad axe of freezing freezes you.
* * * LOW HITPOINT WARNING * * *
You barely miss the +0 broad axe of freezing.
The +0 broad axe of freezing is severely damaged.
You carefully extract the barbed spikes from your body.
The +0 broad axe of freezing hits you.
You die...

#...........#
#...........
##.†.....# #...#....#
#..)..#..# #.#...
#....##..## #. #.....
#....##...# #. #.....
#...###.#.####.##.....
#...(@................
#...###.#.#####..#....
#...# #......###..#...
#...###.#.##..........
#...#[..#.######.#....
####..#....# ##.#####
#.####..####..# # #.#
#.......## # #.#
##......(#####


You could see a +0 broad axe of freezing.

Vanquished Creatures
  10 dancing weapons
  A worm (D:2)
  2 dart slugs
  3 endoplasms
  2 goblins
  3 hobgoblins (D:1)
  6 kobolds
  2 ball pythons (D:1)
  2 bats (D:2)
  2 frilled lizards
  2 rats
35 creatures vanquished.

Notes
Turn   | Place    | Note
-------+----------+-------------------------------------------
     0 | D:1      | Froggeryz the Demonspawn Gladiator began the quest for the
                  | Orb.
     0 | D:1      | Reached XP level 1. HP: 16/16 MP: 1/1
   271 | D:1      | Found a faded altar of an unknown god.
   490 | D:1      | Reached skill level 3 in Maces & Flails
   490 | D:1      | Gained mutation: Spells you cast may paralyse adjacent
                  | enemies. [demonic ancestry]
   490 | D:1      | Reached XP level 2. HP: 18/22 MP: 2/2
   515 | D:1      | Prayed at the altar of an unknown god.
   515 | D:1      | Became a worshipper of the Wu Jian Council
   515 | D:1      | Reached * piety under Wu Jian
   516 | D:1      | Fell from the grace of Wu Jian
   596 | D:1      | Noticed a +1 vorpal glaive
   596 | D:1      | Noticed a +0 broad axe of flaming
   596 | D:1      | Noticed a +2 rapier of freezing
   596 | D:1      | Killed a +0 broad axe of flaming
   597 | D:1      | Killed a +2 rapier of freezing
   599 | D:1      | Killed a +1 vorpal glaive
  1351 | D:2      | Reached skill level 1 in Armour
  1604 | D:2      | Reached XP level 3. HP: 26/28 MP: 3/3
  1668 | D:2      | Noticed a +2 quarterstaff of freezing
  1668 | D:2      | Noticed a +0 great sword of speed
  1668 | D:2      | Noticed a +4 rapier of speed
  1668 | D:2      | Noticed a +1 quarterstaff of speed
  1668 | D:2      | Noticed a +4 vorpal dire flail
  1670 | D:2      | Killed a +4 rapier of speed
  1671 | D:2      | Killed a +4 vorpal dire flail
  1672 | D:2      | Killed a +0 great sword of speed
  1673 | D:2      | Killed a +1 quarterstaff of speed
  1675 | D:2      | Killed a +2 quarterstaff of freezing
  1706 | D:2      | Noticed a +1 dire flail of speed
  1706 | D:2      | Noticed a +0 rapier of electrocution
  1706 | D:2      | Noticed a +0 broad axe of freezing
  1706 | D:2      | Killed a +0 rapier of electrocution
  1709 | D:2      | Killed a +1 dire flail of speed
  1711 | D:2      | Slain by a +0 broad axe of freezing

Illustrated notes

Levels and vault maps discovered:
D:1:      lemuel_arrival_broad_hall, layout_basic,
          hellmonk_ecumenical_altar_zigzags
D:2:      layout_rooms, pf_guarded_unrand_delatra

Skill      XL: |  1  2 |
---------------+-------+-----
Maces & Flails | 3 |  3.3
Armour         | 1 |  1.0
Fighting       | |  2.4
Throwing       | |  1.7
Dodging        | |  2.6

Action                   || total
-------------------------++-------
Melee: Flail             ||    93
       Punch             ||     2
Invok: Renounce Religion ||     1
  Use: Scroll            ||     2
Armor: Leather armour    ||    26
Dodge: Dodged            ||    61
